 Dungeon Crawl Stone Soup version 0.23.2-1-ga50397a (webtiles) character file.

Game seed: 12212894930730883654

92 troglodite the Ducker (level 4, -4/21 HPs)
             Began as a Spriggan Earth Elementalist on May 27, 2019.
             Slain by an adder (5 damage)
             ... on level 3 of the Dungeon.
             The game lasted 00:08:23 (3019 turns).

troglodite the Ducker (Spriggan Earth Elementalist) Turns: 3019, Time: 00:08:25

Health: -4/21      AC:  2    Str:  4    XL:     4   Next: 35%
Magic:  8/9        EV: 19    Int: 16    God:
Gold:   117        SH:  0    Dex: 17    Spells: 5/9 levels left

rFire    . . .     SeeInvis +   l - +0 dagger (flame)
rCold    . . .     Gourm    .   (shield restricted)
rNeg     . . .     Faith    +   c - +0 robe
rPois    .         Spirit   .   (helmet restricted)
rElec    .         Reflect  .   (no cloak)
rCorr    .         Harm     .   (gloves unavailable)
MR       .....                  (boots unavailable)
Stlth    +++.......             h - amulet of faith
HPRegen  0.07/turn              (no ring)
MPRegen  0.11/turn              (no ring)

@: lethally poisoned (-4 -> -14), very quick
A: very small, unfitting armour, see invisible, herbivore, speed 3, slow
metabolism 2
a: no special abilities


You were on level 3 of the Dungeon.
You were not hungry.

You visited 1 branch of the dungeon, and saw 3 of its levels.

You collected 117 gold pieces.

Inventory:

Hand Weapons
 f - a +0 spear
 l - a +0 dagger of flaming (weapon)
Missiles
 b - 19 stones (quivered)
Armour
 c - a +0 robe (worn)
Jewellery
 g - an uncursed ring of ice
 h - an amulet of faith (around neck)
Scrolls
 a - 4 scrolls of identify {unknown}
 j - a scroll of immolation {unknown}
 k - a scroll of remove curse {unknown}
 n - 2 scrolls of teleportation {unknown}
Potions
 e - a potion of curing {unknown}
 m - a potion of heal wounds {unknown}
Comestibles
 d - 6 rations


   Skills:
 * Level 0.6 Fighting
 * Level 0.8 Short Blades
 + Level 0.2 Polearms
 * Level 3.9 Dodging
 * Level 3.7 Stealth
 * Level 3.2 Spellcasting
 * Level 0.1 Conjurations
   Level 1.3 Transmutations
 * Level 3.5 Earth Magic


You had 5 spell levels left.
You knew the following spells:

 Your Spells              Type           Power        Failure   Level  Hunger
a - Sandblast             Erth           ##....       4%          1    None
b - Stone Arrow           Conj/Erth      #.....       26%         3    ###....

Your spell library contained the following spells:

 Spells                   Type           Power        Failure   Level  Hunger
 Passwall                 Tmut/Erth      ##......     10%         2    ##.....
 Petrify                  Tmut/Erth      ##......     54%         4    ####...
 Lee's Rapid Deconstruct  Erth           ##........   75%         5    ######.


Dungeon Overview and Level Annotations

Branches:
Dungeon (3/15)

Altars:
Vehumet


Innate Abilities, Weirdness & Mutations

You are very small and have problems with some larger weapons.
You are too small for most types of armour.
You have supernaturally acute eyesight. (SInv)
You are a herbivore.
You cover ground extremely quickly.
You need to consume almost no food.


Message History

You closely miss the adder.
The adder is heavily wounded.
The adder closely misses you.
You hit the adder but do no damage.
The adder is heavily wounded.
You feel sick. The adder barely misses you.
You hit the adder but do no damage.
The adder is heavily wounded.
The adder closely misses you.
You hit the adder. You burn the adder.
The adder is severely wounded.
* * * LOW HITPOINT WARNING * * *
You feel sick. The adder bites you but does no damage.
You hit the adder but do no damage.
The adder is severely wounded.
The adder bites you.
* * * LOW HITPOINT WARNING * * *
You are more poisoned.
The adder poisons you! The adder bites you.
You die...

#....(.......
#....<...#
##......##
#†.....#
###....# ##
###..## )##
#..†.##..#
#.....S.(#
#...##@.##
##...####
#.... ##...
#####


You could see an adder.

Vanquished Creatures
  4 adders
  An ooze (D:1)
  A worm (D:2)
  A dart slug (D:1)
  A ball python (D:1)
  6 giant cockroaches (D:1)
  5 goblins
  2 hobgoblins
  4 jackals
  4 kobolds
  10 bats
  3 frilled lizards
  5 rats
47 creatures vanquished.

Notes
Turn   | Place    | Note
-------+----------+-------------------------------------------
     0 | D:1      | troglodite the Spriggan Earth Elementalist began the quest
                  | for the Orb.
     0 | D:1      | Reached XP level 1. HP: 9/9 MP: 5/5
   167 | D:1      | Reached XP level 2. HP: 10/13 MP: 1/6
   997 | D:1      | Reached XP level 3. HP: 6/16 MP: 6/8
  1626 | D:2      | Found a radiant altar of Vehumet.
  2619 | D:2      | Learned a level 3 spell: Stone Arrow
  2827 | D:2      | Reached XP level 4. HP: 18/21 MP: 9/9
  3019 | D:3      | HP: 1/21 [adder (5)]
  3019 | D:3      | Slain by an adder

Skill      XL: |  1  2 |
---------------+-------+-----
Earth Magic    | 3 |  3.5
Spellcasting   | 3 |  3.2
Fighting       | |  0.6
Short Blades   | |  0.8
Polearms       | |  0.2
Dodging        | |  3.9
Stealth        | |  3.7
Conjurations   | |  0.1
Transmutations | |  1.3

Action                   |  1- 3 |  4- 6 || total
-------------------------+-------+-------++-------
Melee: Spear             |    50 |       ||    50
       Dagger            |   108 |    23 ||   131
 Cast: Sandblast         |    29 |     6 ||    35
 Stab: Sleeping          |     6 |     1 ||     7
Armor: Robe              |    23 |     3 ||    26
Dodge: Dodged            |   198 |    25 ||   223
